| TOP OF THE 1ST |
|
St. Louis Cardinals batting - Pitching for Montreal Expos : RHP Antonio Atayde
|
|
Pitching: RHP Antonio Atayde
|
|
|
Batting: SHB Otis Nixon
|
0-0: Ball 1-0: SINGLE (Line Drive, 34D, EV 99.4 MPH)
|
|
Batting: LHB Jim Gantner
|
0-0: Foul Ball, location: 2F 0-1: Called Strike 0-2: Ball 1-2: Ball 2-2: Ball 3-2: Foul Ball, location: 2F 3-2: Foul Ball, location: 2F 3-2: Hit by Pitch Otis Nixon to second
|
|
Batting: RHB Sixto Lezcano
|
0-0: Ball 1-0: Ball 2-0: Called Strike 2-1: Foul Ball, location: 2F 2-2: Ball 3-2: SINGLE (Groundball, 4MD, EV 96.3 MPH) Otis Nixon to third Jim Gantner to second Runner from 3rd tries for Home, SAFE, throw by CF to home
|
|
Batting: LHB Pat Putnam
|
0-0: Called Strike 0-1: Ball 1-1: Ball 2-1: Ball 3-1: Fly out, F7 (Flyball, 78D, EV 103.1 MPH)
|
|
Batting: RHB Bob Watson
|
0-0: Ball 1-0: Ball 2-0: SINGLE (Groundball, 6MD, EV 109.4 MPH) Jim Gantner to third Sixto Lezcano to second Runner from 3rd tries for Home, SAFE, throw by CF to home
|
|
Batting: LHB Mike Davis
|
0-0: Ball 1-0: Foul Ball, location: 2F 1-1: Ball 2-1: Ball 3-1: Foul Ball, location: 2F 3-2: Base on Balls Sixto Lezcano to third Bob Watson to second
|
|
Batting: RHB Joe Torre
|
0-0: Called Strike 0-1: Foul Ball, location: 2F 0-2: Foul Ball, location: 2F 0-2: Fly out, F6 (Popup, 6M, EV 70.6 MPH)
|
|
Batting: SHB Billy E Smith
|
0-0: Ball 1-0: Called Strike 1-1: Foul Ball, location: 2F 1-2: Ball Passed Ball! Sixto Lezcano scores Bob Watson to third Mike Davis to second 2-2: SINGLE (Groundball, 56S, EV 66.3 MPH) (infield hit) Bob Watson scores Mike Davis to third
|
|
Batting: RHB Ken Holtzman
|
0-0: Ball 1-0: Fielders Choice at 2nd, U4 (Groundball, 4M, EV 90.0 MPH)
|
| Top of the 1st over - 4 runs, 4 hits, 0 errors, 2 left on base; St. Louis 4 - Montreal 0 |
| BOTTOM OF THE 1ST |
|
Montreal Expos batting - Pitching for St. Louis Cardinals : LHP Ken Holtzman
|
|
Pitching: LHP Ken Holtzman
|
|
|
Batting: LHB Duane Walker
|
0-0: Called Strike 0-1: Swinging Strike 0-2: Ball 1-2: Strikes out swinging
|
|
Batting: SHB Garry Templeton
|
0-0: Ball 1-0: Called Strike 1-1: Ball 2-1: Ball 3-1: Swinging Strike 3-2: Foul Ball, location: 2F 3-2: Strikes out looking
|
|
Batting: LHB Kirk Gibson
|
0-0: Called Strike 0-1: Called Strike 0-2: Ball 1-2: Foul Ball, location: 2F 1-2: Ball 2-2: Ball 3-2: Base on Balls
|
|
Batting: RHB Dale Murphy
|
0-0: Ball 1-0: Ball 2-0: Swinging Strike 2-1: Fly out, F9 (Flyball, 89M, EV 85.6 MPH)
|
| Bottom of the 1st over - 0 runs, 0 hits, 0 errors, 1 left on base; St. Louis 4 - Montreal 0 |
| TOP OF THE 2ND |
|
St. Louis Cardinals batting - Pitching for Montreal Expos : RHP Antonio Atayde
|
|
Batting: SHB Otis Nixon
|
0-0: Ball 1-0: Ball 2-0: Called Strike 2-1: Ground out 1-3 (Groundball, 34S, EV 71.9 MPH)
|
|
Batting: LHB Jim Gantner
|
0-0: Swinging Strike 0-1: Called Strike 0-2: Foul Ball, location: 2F 0-2: Ball 1-2: Foul Ball, location: 2F 1-2: DOUBLE (Line Drive, 3D, EV 93.8 MPH)
|
|
Batting: RHB Sixto Lezcano
|
0-0: Ball 1-0: Called Strike 1-1: Foul Ball, location: 2F 1-2: Strikes out looking
|
|
Batting: LHB Pat Putnam
|
0-0: Ball 1-0: Called Strike 1-1: Ball 2-1: Ground out 6-3 (Groundball, 6M, EV 111.3 MPH)
|
| Top of the 2nd over - 0 runs, 1 hit, 0 errors, 1 left on base; St. Louis 4 - Montreal 0 |
| BOTTOM OF THE 2ND |
|
Montreal Expos batting - Pitching for St. Louis Cardinals : LHP Ken Holtzman
|
|
Batting: RHB Luis Sanchez
|
0-0: Ball 1-0: Ground out 5-3 (Groundball, 56S, EV 81.9 MPH)
|
|
Batting: LHB Timnothy Meyer
|
0-0: Foul Ball, location: 2F 0-1: Foul Ball, location: 2F 0-2: Fly out, F7 (Line Drive, 7D, EV 87.5 MPH)
|
|
Batting: SHB Biff Pocoroba
|
0-0: Fly out, F8 (Flyball, 8LXD, EV 76.9 MPH)
|
| Bottom of the 2nd over - 0 runs, 0 hits, 0 errors, 0 left on base; St. Louis 4 - Montreal 0 |
| TOP OF THE 3RD |
|
St. Louis Cardinals batting - Pitching for Montreal Expos : RHP Antonio Atayde
|
|
Batting: RHB Bob Watson
|
0-0: Ball 1-0: Ball 2-0: Foul Ball, location: 2F 2-1: Foul Ball, location: 2F 2-2: Foul Ball, location: 2F 2-2: Ground out 6-3 (Groundball, 6, EV 104.4 MPH)
|
|
Batting: LHB Mike Davis
|
0-0: Called Strike 0-1: Swinging Strike 0-2: Strikes out swinging
|
|
Batting: RHB Joe Torre
|
0-0: Called Strike 0-1: Hit by Pitch
|
|
Batting: SHB Billy E Smith
|
0-0: Called Strike 0-1: Ball 1-1: Fly out, F7 (Flyball, 7D, EV 75.6 MPH)
|
| Top of the 3rd over - 0 runs, 0 hits, 0 errors, 1 left on base; St. Louis 4 - Montreal 0 |
| BOTTOM OF THE 3RD |
|
Montreal Expos batting - Pitching for St. Louis Cardinals : LHP Ken Holtzman
|
|
Batting: RHB Philip Klimas
|
0-0: Ball 1-0: Swinging Strike 1-1: Fly out, F9 (Flyball, 9LS, EV 81.3 MPH)
|
|
Batting: RHB Antonio Atayde
|
0-0: Ball 1-0: Ball 2-0: Called Strike 2-1: Swinging Strike 2-2: Ball 3-2: Base on Balls
|
|
Batting: LHB Duane Walker
|
0-0: Ball 1-0: Ball 2-0: Ball 3-0: Base on Balls Antonio Atayde to second
|
|
Batting: SHB Garry Templeton
|
0-0: Fly out, F6 (Line Drive, 6, EV 60.6 MPH)
|
|
Batting: LHB Kirk Gibson
|
0-0: Ball 1-0: Fly out, F6 (Flyball, 6D, EV 70.0 MPH)
|
| Bottom of the 3rd over - 0 runs, 0 hits, 0 errors, 2 left on base; St. Louis 4 - Montreal 0 |
| TOP OF THE 4TH |
|
St. Louis Cardinals batting - Pitching for Montreal Expos : RHP Antonio Atayde
|
|
Batting: RHB Ken Holtzman
|
0-0: Called Strike 0-1: Foul Ball, location: 2F 0-2: Ground out 4-3 (Groundball, 4, EV 84.4 MPH)
|
|
Batting: SHB Otis Nixon
|
0-0: Foul Ball, location: 2F 0-1: Fly out, F8 (Line Drive, 8RD, EV 90.6 MPH)
|
|
Batting: LHB Jim Gantner
|
0-0: Foul Ball, location: 2F 0-1: Ball 1-1: Ball 2-1: Ball 3-1: Fly out, F8 (Flyball, 8LD, EV 105.6 MPH)
|
| Top of the 4th over - 0 runs, 0 hits, 0 errors, 0 left on base; St. Louis 4 - Montreal 0 |
| BOTTOM OF THE 4TH |
|
Montreal Expos batting - Pitching for St. Louis Cardinals : LHP Ken Holtzman
|
|
Batting: RHB Dale Murphy
|
0-0: Ball 1-0: Swinging Strike 1-1: Foul Ball, location: 2F 1-2: SOLO HOME RUN (Flyball, 89XD, EV 113.1 MPH), Distance : 403 ft
|
|
Batting: RHB Luis Sanchez
|
0-0: Called Strike 0-1: Ground out 4-3 (Groundball, 4MD, EV 80.0 MPH)
|
|
Batting: LHB Timnothy Meyer
|
0-0: Called Strike 0-1: Ball 1-1: Ball 2-1: Ground out U3 (Groundball, 34, EV 86.9 MPH)
|
|
Batting: SHB Biff Pocoroba
|
0-0: Ball 1-0: Called Strike 1-1: Swinging Strike 1-2: Ball 2-2: Ball 3-2: Fly out, F8 (Line Drive, 8LM, EV 88.8 MPH)
|
| Bottom of the 4th over - 1 run, 1 hit, 0 errors, 0 left on base; St. Louis 4 - Montreal 1 |
| TOP OF THE 5TH |
|
St. Louis Cardinals batting - Pitching for Montreal Expos : RHP Antonio Atayde
|
|
Batting: RHB Sixto Lezcano
|
0-0: Ground out 4-3 (Groundball, 4M, EV 108.8 MPH)
|
|
Batting: LHB Pat Putnam
|
0-0: Ball 1-0: Foul Ball, location: 2F 1-1: Ball 2-1: Foul Ball, location: 2F 2-2: Ball 3-2: Strikes out swinging
|
|
Batting: RHB Bob Watson
|
0-0: Fly out, F4 (Popup, 4D, EV 53.8 MPH)
|
| Top of the 5th over - 0 runs, 0 hits, 0 errors, 0 left on base; St. Louis 4 - Montreal 1 |
| BOTTOM OF THE 5TH |
|
Montreal Expos batting - Pitching for St. Louis Cardinals : LHP Ken Holtzman
|
|
Batting: RHB Philip Klimas
|
0-0: Foul Ball, location: 2F 0-1: Ball 1-1: Ball 2-1: Ball 3-1: Ground out 6-3 (Groundball, 56D, EV 100.6 MPH)
|
|
Batting: RHB Antonio Atayde
|
0-0: Called Strike 0-1: Ball 1-1: Foul Ball, location: 2F 1-2: Ground out 6-3 (Groundball, 6, EV 101.3 MPH)
|
|
Batting: LHB Duane Walker
|
0-0: Ball 1-0: Foul Ball, location: 2F 1-1: Foul Ball, location: 2F 1-2: Fly out, F8 (Flyball, 8RD, EV 81.3 MPH)
|
| Bottom of the 5th over - 0 runs, 0 hits, 0 errors, 0 left on base; St. Louis 4 - Montreal 1 |
| TOP OF THE 6TH |
|
St. Louis Cardinals batting - Pitching for Montreal Expos : RHP Antonio Atayde
|
|
Batting: LHB Mike Davis
|
0-0: Ball 1-0: Ball 2-0: Foul Ball, location: 2F 2-1: Ball 3-1: Called Strike 3-2: Foul Ball, location: 2F 3-2: Foul Ball, location: 2F 3-2: Foul Ball, location: 2F 3-2: Strikes out looking
|
|
Batting: RHB Joe Torre
|
0-0: Ball 1-0: Ground out 4-3 (Groundball, 4M, EV 75.6 MPH)
|
|
Batting: SHB Billy E Smith
|
0-0: Ground out 1-3 (Groundball, 15S, EV 61.9 MPH)
|
| Top of the 6th over - 0 runs, 0 hits, 0 errors, 0 left on base; St. Louis 4 - Montreal 1 |
| BOTTOM OF THE 6TH |
|
Montreal Expos batting - Pitching for St. Louis Cardinals : LHP Ken Holtzman
|
|
Batting: SHB Garry Templeton
|
0-0: Called Strike 0-1: Ball 1-1: Fly out, F7 (Flyball, 7LM, EV 85.6 MPH)
|
|
Batting: LHB Kirk Gibson
|
0-0: Foul Ball, location: 2F 0-1: Fly out, F8 (Flyball, 8RS, EV 90.6 MPH)
|
|
Batting: RHB Dale Murphy
|
0-0: SOLO HOME RUN (Line Drive, 89XD, EV 101.9 MPH), Distance : 415 ft
|
|
Batting: RHB Luis Sanchez
|
0-0: Ball 1-0: Called Strike 1-1: Ground out 4-3 (Groundball, 4, EV 94.4 MPH)
|
| Bottom of the 6th over - 1 run, 1 hit, 0 errors, 0 left on base; St. Louis 4 - Montreal 2 |
| TOP OF THE 7TH |
|
St. Louis Cardinals batting - Pitching for Montreal Expos : RHP Antonio Atayde
|
|
Batting: RHB Ken Holtzman
|
0-0: DOUBLE (Line Drive, 78D, EV 106.9 MPH)
|
|
Batting: SHB Otis Nixon
|
0-0: Ball 1-0: Ball 2-0: Ground out U3 (Groundball, 3D, EV 102.5 MPH) Ken Holtzman to third
|
|
Batting: LHB Jim Gantner
|
0-0: Ball 1-0: Fly out, F9 (Flyball, 9D, EV 97.5 MPH) Runner from 3rd tags up, SCORES, no throw by RF
|
|
Batting: RHB Sixto Lezcano
|
0-0: Called Strike 0-1: Fly out, F9 (Flyball, 89S, EV 90.0 MPH)
|
| Top of the 7th over - 1 run, 1 hit, 0 errors, 0 left on base; St. Louis 5 - Montreal 2 |
| BOTTOM OF THE 7TH |
|
Montreal Expos batting - Pitching for St. Louis Cardinals : LHP Ken Holtzman
|
|
Batting: LHB Timnothy Meyer
|
0-0: SINGLE (Line Drive, 7LS, EV 111.9 MPH)
|
|
Batting: SHB Biff Pocoroba
|
0-0: Called Strike 0-1: Ball 1-1: Called Strike 1-2: Foul Ball, location: 2F 1-2: Foul Ball, location: 2F 1-2: Ball 2-2: Fly out, F9 (Line Drive, 9, EV 90.0 MPH)
|
|
Batting: RHB Philip Klimas
|
0-0: Called Strike 0-1: SINGLE (Groundball, 3D, EV 96.9 MPH) Timnothy Meyer to second Runner from 2nd tries for 3rd, SAFE, throw by RF made to third
|
|
Pinch Hitting: RHB Dave Winfield
|
0-0: Foul Ball, location: 2F 0-1: Fly out, F7 (Flyball, 7, EV 90.6 MPH) Runner from 3rd tags up, SCORES, throw by LF
|
|
Batting: LHB Duane Walker
|
0-0: Ground out 4-3 (Groundball, 4, EV 106.9 MPH)
|
| Bottom of the 7th over - 1 run, 2 hits, 0 errors, 1 left on base; St. Louis 5 - Montreal 3 |
| TOP OF THE 8TH |
|
St. Louis Cardinals batting - Pitching for Montreal Expos : RHP Antonio Atayde
|
|
Pitching: LHP Bob Ojeda
|
|
|
Batting: LHB Pat Putnam
|
0-0: Foul Ball, location: 2F 0-1: Ball 1-1: Ball 2-1: Swinging Strike 2-2: Strikes out looking
|
|
Batting: RHB Bob Watson
|
0-0: Ball 1-0: Foul Ball, location: 2F 1-1: Fly out, F9 (Flyball, 89M, EV 73.8 MPH)
|
|
Batting: LHB Mike Davis
|
0-0: Foul Ball, location: 2F 0-1: Fly out, F7 (Flyball, 7D, EV 85.0 MPH)
|
| Top of the 8th over - 0 runs, 0 hits, 0 errors, 0 left on base; St. Louis 5 - Montreal 3 |
| BOTTOM OF THE 8TH |
|
Montreal Expos batting - Pitching for St. Louis Cardinals : LHP Ken Holtzman
|
|
Batting: SHB Garry Templeton
|
0-0: Ball 1-0: Foul Ball, location: 2F 1-1: Swinging Strike 1-2: Strikes out swinging
|
|
Batting: LHB Kirk Gibson
|
0-0: Ball 1-0: Foul Ball, location: 2F 1-1: Fly out, F6 (Popup, 6, EV 71.3 MPH)
|
|
Batting: RHB Dale Murphy
|
0-0: Ball 1-0: Called Strike 1-1: Fly out, F9 (Flyball, 9D, EV 90.0 MPH)
|
| Bottom of the 8th over - 0 runs, 0 hits, 0 errors, 0 left on base; St. Louis 5 - Montreal 3 |
| TOP OF THE 9TH |
|
St. Louis Cardinals batting - Pitching for Montreal Expos : LHP Bob Ojeda
|
|
Batting: RHB Joe Torre
|
0-0: Ball 1-0: SINGLE (Line Drive, 78S, EV 99.4 MPH)
|
|
Batting: SHB Billy E Smith
|
0-0: Called Strike 0-1: Called Strike 0-2: Ball 1-2: Ball 2-2: Strikes out swinging
|
|
Pinch Hitting: RHB Craig Stimac
|
0-0: Ball 1-0: Swinging Strike 1-1: Ball 2-1: Foul Ball, location: 2F 2-2: Strikes out swinging
|
|
Batting: SHB Otis Nixon
|
0-0: Ball 1-0: Called Strike 1-1: Ball 2-1: Ball 3-1: Fly out, F4 (Popup, 3D, EV 53.1 MPH)
|
| Top of the 9th over - 0 runs, 1 hit, 0 errors, 1 left on base; St. Louis 5 - Montreal 3 |
| BOTTOM OF THE 9TH |
|
Montreal Expos batting - Pitching for St. Louis Cardinals : LHP Ken Holtzman
|
|
Pitching: RHP Larry Andersen
|
|
|
Now at 2B: Steve Lubratich
|
|
|
Now in CF: Mookie Wilson
|
|
|
Batting: RHB Luis Sanchez
|
0-0: Called Strike 0-1: Swinging Strike 0-2: Ball 1-2: Foul Ball, location: 2F 1-2: Ball 2-2: SINGLE (Line Drive, 89M, EV 93.1 MPH)
|
|
Batting: LHB Timnothy Meyer
|
0-0: Fly out, F3 (Line Drive, 3, EV 70.6 MPH)
|
|
Pinch Hitting: LHB Guonçalo Fernandes
|
0-0: Ball 1-0: Called Strike 1-1: Ball 2-1: Swinging Strike 2-2: Fielders Choice at 2nd, 6-4 (Groundball, 6, EV 90.0 MPH)
|
|
Batting: RHB Philip Klimas
|
0-0: Called Strike 0-1: Ball 1-1: Ball 2-1: Fly out, F9 (Flyball, 9, EV 88.8 MPH)
|
| Bottom of the 9th over - 0 runs, 1 hit, 0 errors, 1 left on base; St. Louis 5 - Montreal 3 |
|